 Dungeon Crawl Stone Soup version 0.21-a0-125-gb006224 (webtiles) character file.

679 Manul the Conjurer (level 7, 0/34 HPs)
             Began as a Deep Elf Conjurer on July 14, 2017.
             Was an Initiate of Hepliaklqana.
             Slain by Arkorax's ghost (13 damage)
             ... on level 5 of the Dungeon.
             The game lasted 00:11:10 (6554 turns).

Manul the Conjurer (Deep Elf Conjurer)              Turns: 6554, Time: 00:11:11

Health: 0/34       AC:  3    Str:  7 (10) XL:     7   Next: 34%
Magic:  15/16      EV: 14    Int: 21 (22) God:    Hepliaklqana [......]
Gold:   130        SH:  0    Dex: 14 (15) Spells: 3/16 levels left

rFire    . . .     SeeInvis .   m - +2 dagger (freeze)
rCold    . . .     Gourm    .   (no shield)
rNeg     . . .     Faith    .   a - +1 robe
rPois    .         Spirit   .   (no helmet)
rElec    .         Reflect  .   (no cloak)
rCorr    .         Harm     .   (no gloves)
MR       .....                  (no boots)
Stlth    +++.......             (no amulet)
HPRegen  0.11/turn              (no ring)
MPRegen  0.15/turn              (no ring)

@: mighty, very slightly contaminated
A: reduced essence
a: Recall Ancestor, Ancestor Identity, Renounce Religion


You were on level 5 of the Dungeon.
You worshipped Hepliaklqana.
Hepliaklqana was noncommittal.
You were very hungry.

You visited 1 branch of the dungeon, and saw 7 of its levels.

You collected 130 gold pieces.

Inventory:

Hand Weapons
 f - a +0 dagger
 m - a +2 dagger of freezing (weapon)
Armour
 a - a +1 robe (worn)
 g - a +0 leather armour of fire resistance
Wands
 p - a wand of random effects (23/48)
 u - a wand of random effects (37/48)
Scrolls
 i - a scroll of enchant weapon
 j - 3 scrolls of remove curse
 k - a scroll of random uselessness {unknown}
 l - a scroll of magic mapping {unknown}
 o - 2 scrolls of blinking {unknown}
 q - a scroll of vulnerability {unknown}
 r - a scroll of teleportation {unknown}
 w - a scroll of recharging
Potions
 e - a potion of might
 h - 2 potions of curing
 t - a potion of degeneration
 v - a potion of flight {unknown}
 x - a potion of resistance {unknown}
 B - a potion of haste {unknown}
Books
 b - a book of Conjurations

   Spells                             Type                      Level
   a - Magic Dart                     Conjuration                  1
   b - Searing Ray                    Conjuration                  2
   c - Dazzling Spray                 Conjuration/Hexes            3
   d - Fulminant Prism                Conjuration/Hexes            4
   e - Force Lance                    Conjuration/Translocation    4
   f - Iskenderun's Mystic Blast      Conjuration                  4
 s - a book of the Tempests

   Spells                             Type                      Level
   a - Static Discharge               Conjuration/Air              3
   b - Lightning Bolt                 Conjuration/Air              5
   c - Ignition                       Fire                         8
   d - Tornado                        Air                          9
   e - Shatter                        Earth                        9
 y - a book of Geomancy

   Spells                             Type                      Level
   a - Sandblast                      Earth                        1
   b - Passwall                       Transmutation/Earth          2
   c - Stone Arrow                    Conjuration/Earth            3
   d - Petrify                        Transmutation/Earth          4
   e - Lee's Rapid Deconstruction     Earth                        5
Comestibles
 c - a bread ration
 d - 2 royal jellies
 n - a meat ration
 A - 2 fruits


   Skills:
 + Level 1.1 Fighting
 + Level 2.4 Short Blades
 * Level 0.5 Armour
 + Level 3.7 Dodging
 + Level 5.7 Stealth
 + Level 5.0 Spellcasting
 + Level 6.3 Conjurations
 * Level 1.5 Hexes
 + Level 0.9 Evocations


You had 3 spell levels left.
You knew the following spells:

 Your Spells              Type           Power        Failure   Level  Hunger
a - Magic Dart            Conj           ####         1%          1    None
b - Searing Ray           Conj           ####..       1%          2    None
c - Dazzling Spray        Conj/Hex       ###...       6%          3    ##.....
d - Static Discharge      Conj/Air       ###.....     9%          3    ##.....
e - Force Lance           Conj/Tloc      ###.....     28%         4    ####...


Dungeon Overview and Level Annotations

Branches:
Dungeon (7/15)
 Temple: D:4-7

Altars:
Ashenzari
Dithmenos
Elyvilon
Hepliaklqana
Kikubaaqudgha
Sif Muna
Uskayaw
Zin

Annotations:
D:4 Pikel
D:5 Arkorax's ghost, novice MiMo


Message History

Cuetlachtli hits Arkorax's ghost.
You hit Arkorax's ghost. You freeze Arkorax's ghost.
Arkorax's ghost is moderately damaged.
Arkorax's ghost hits you!
You hit Arkorax's ghost but do no damage.
Arkorax's ghost is moderately damaged.
Cuetlachtli hits Arkorax's ghost!
Arkorax's ghost hits Cuetlachtli but does no damage.
Cuetlachtli hits Arkorax's ghost.
Arkorax's ghost hits Cuetlachtli!
Cuetlachtli hits Arkorax's ghost but does no damage.
Arkorax's ghost hits Cuetlachtli.
There is an open door, spattered with blood here.
You hit Arkorax's ghost. You freeze Arkorax's ghost.
Arkorax's ghost is severely damaged.
Cuetlachtli hits Arkorax's ghost.
Arkorax's ghost closely misses you.
You hit Arkorax's ghost. You freeze Arkorax's ghost.
Arkorax's ghost is almost destroyed.
Cuetlachtli hits Arkorax's ghost but does no damage.
Arkorax's ghost hits you!
You die...

#...###### ...
#........# ...
#........ ....
#....... .....
#>..##'###.....
#######...#..........
#.........#..........
#.....(...@WR........
#.........#..........
#..>.##...#..........
#....##...#..........
#....###+##..........
#....# #..........
#....# #..........
#....# #..........
#....#


You could see the friendly Cuetlachtli the ancestor and Arkorax's ghost.

Vanquished Creatures
  Grinder (D:3)
  An ogre (D:4)
  A bullfrog (D:6)
  An orc priest (D:3)
  Ijyb (D:3)
  Robin (D:3)
  10 gnolls
  3 adders
  A shadow imp (D:7)
  An adder skeleton (D:4)
  5 worms
  3 dart slugs (D:1)
  4 orcs
  10 giant cockroaches
  16 goblins
  8 hobgoblins
  3 jackals (D:2)
  3 ball pythons
  4 bats
  6 frilled lizards
  A jackal skeleton (D:5)
  10 kobolds
  5 rats
99 creatures vanquished.

Vanquished Creatures (collateral kills)
  A worker ant (D:5)
  A leopard gecko (D:5)
2 creatures vanquished.

Grand Total: 101 creatures vanquished

Notes
Turn   | Place    | Note
-------+----------+-------------------------------------------
     0 | D:1      | Manul the Deep Elf Conjurer began the quest for the Orb.
     0 | D:1      | Reached XP level 1. HP: 10/10 MP: 6/6
   698 | D:1      | Reached XP level 2. HP: 15/15 MP: 6/8
   741 | D:1      | Reached skill level 5 in Conjurations
  1105 | D:1      | Learned a level 2 spell: Searing Ray
  1659 | D:2      | Reached XP level 3. HP: 19/19 MP: 3/9
  1984 | D:2      | Learned a level 3 spell: Dazzling Spray
  2029 | D:2      | Reached XP level 4. HP: 13/24 MP: 4/11
  2693 | D:2      | Found a faded altar of an unknown god.
  3348 | D:2      | Reached skill level 6 in Conjurations
  3822 | D:3      | Noticed Robin
  3829 | D:3      | Reached XP level 5. HP: 24/28 MP: 8/13
  3831 | D:3      | Killed Robin
  4410 | D:3      | Found a deep blue altar of Sif Muna.
  4410 | D:3      | Found a shadowy altar of Dithmenos.
  4418 | D:3      | Found an ancient bone altar of Kikubaaqudgha.
  4421 | D:3      | Found a faded altar of an unknown god.
  4422 | D:3      | Reached skill level 1 in Short Blades
  4423 | D:3      | Found a glowing silver altar of Zin.
  4737 | D:3      | Noticed Grinder
  4748 | D:3      | Killed Grinder
  4748 | D:3      | Reached skill level 1 in Fighting
  4748 | D:3      | Reached XP level 6. HP: 17/34 MP: 7/15
  4880 | D:3      | Reached skill level 5 in Stealth
  5304 | D:3      | Learned a level 3 spell: Static Discharge
  5309 | D:3      | Learned a level 4 spell: Force Lance
  5333 | D:3      | Noticed Ijyb
  5380 | D:3      | Killed Ijyb
  5872 | D:4      | Reached skill level 1 in Hexes
  5872 | D:4      | Reached XP level 7. HP: 38/38 MP: 16/16
  5912 | D:4      | Noticed Pikel
  5959 | D:5      | Entered Level 5 of the Dungeon
  6306 | D:5      | Found a shattered altar of Ashenzari.
  6337 | D:4      | Found a hide-covered altar of Uskayaw.
  6359 | D:4      | Found a white marble altar of Elyvilon.
  6399 | D:4      | You fall through a shaft for 3 floors!
  6399 | D:7      | Found a hazy altar of Hepliaklqana.
  6403 | D:7      | Became a worshipper of Hepliaklqana the Forgotten
  6428 | D:6      | Reached skill level 5 in Spellcasting
  6456 | D:5      | Noticed Arkorax's ghost (novice MiMo)
  6554 | D:5      | Slain by Arkorax's ghost

Vault maps used:
D:1:      matt_arrival_grand_opening
D:2:      chequers_ecumenical_altar_simple_redux, serial_forest,
          infiniplex_forest_lined_room_2, infiniplex_forest_straight_2,
          infiniplex_forest_zigzag_1, infiniplex_forest_zigzag_2,
          infiniplex_forest_lined_room_2
D:3:      chequers_temple_overflow_minitemple, uniq_robin, uniq_grinder,
          uniq_ijyb
D:4:      old_standard_altar, eat_drink_and_be_merry_uskayaw, temple_statues,
          first_bread, minmay_joined_circles, uniq_pikel
D:5:      evilmike_ruin_ashenzari, kennysheep_path_1, minmay_misc_feat_alley
D:6:      trog_ov_bears_minmay, nicolae_gozag_cash_rules_everything_around_me
D:7:      makhleb_altar_promises_db, old_standard_altar, serial_shops, shop

Skill      XL: |  1  2  3  4  5  6  7 |
---------------+----------------------+-----
Conjurations   | 5 6 |  6.3
Spellcasting   | 4 5 |  5.0
Stealth        | 4 5 |  5.7
Short Blades   | 1 2 |  2.4
Fighting       | 1 |  1.1
Dodging        | 3 |  3.7
Hexes          | 1 |  1.5
Armour         | |  0.5
Evocations     | |  0.9

Action                   |  1- 3 |  4- 6 |  7- 9 || total
-------------------------+-------+-------+-------++-------
Melee: Dagger            |     1 |   155 |    27 ||   183
 Cast: Magic Dart        |    63 |    21 |     2 ||    86
       Searing Ray       |     4 |     7 |     1 ||    12
       Dazzling Spray    |       |     1 |       ||     1
       Force Lance       |       |       |     1 ||     1
Evoke: Wand              |       |     4 |       ||     4
  Use: Scroll            |       |     6 |     1 ||     7
       Potion            |       |     3 |     4 ||     7
 Stab: Sleeping          |       |    14 |     3 ||    17
  Eat: Chunk             |     3 |     8 |     1 ||    12
       Bread ration      |       |     1 |       ||     1
Armor: Robe              |     1 |    13 |     4 ||    18
       Skin              |       |    18 |       ||    18
Dodge: Dodged            |    13 |    98 |    18 ||   129
